 Dungeon Crawl Stone Soup version 0.30-a0-715-gdb4ae3ece1 (webtiles) character file.

Game seed: 13859231260792981335

9 browni3141 the Caller (level 2, -1/26 HPs)
             Began as a Naga Summoner on Jan 24, 2023.
             Was a High Priest of Ignis.
             Slain by a hobgoblin (3 damage)
             ... on level 1 of the Dungeon.
             The game lasted 00:00:59 (708 turns).

browni3141 the Caller (Naga Summoner)                Turns: 708, Time: 00:00:59

Health: -1/26      AC:  1    Str: 10    XL:     2   Next: 12%
Magic:  4/5        EV:  9    Int: 15    God:    Ignis [*****.]
Gold:   51         SH:  0    Dex: 11    Spells: 4/5 levels left

rFire   + . .      SeeInvis +    (no weapon)
rCold   . . .      Faith    .    (no shield)
rNeg    . . .      Spirit   .    a - +0 robe
rPois   +          Reflect  .    (no helmet)
rElec   .          Harm     .    (no cloak)
rCorr   .          Rampage  .    (no gloves)
Will    .....                    (no barding)
Stlth   ++                       (no amulet)
HPRegen 0.24/turn                (no ring)
MPRegen 0.09/turn                (no ring)

@: very slow
A: AC +0, large, see invisible, deformed body, poison resistance, slowness 2,
spit poison 1, naga tail 1
a: Spit Poison, Renounce Religion, Fiery Armour, Foxfire Swarm, Rising Flame


You were on level 1 of the Dungeon.
You worshipped Ignis.
Ignis was extremely pleased with you.
You visited 1 branch of the dungeon, and saw 1 of its levels.

You collected 51 gold pieces.

Inventory:

Armour
 a - a +0 robe (worn)
Wands
 d - a wand of flame (18)
Scrolls
 f - a scroll of amnesia {unknown}
 g - a scroll of noise {unknown}
 h - a scroll of identify {unknown}
 j - a scroll of silence {unknown}
Potions
 b - a potion of magic
 c - a potion of curing {unknown}
 e - a potion of mutation {unknown}
 i - a potion of might {unknown}


   Skills:
 * Level 1.7 Fighting
 - Level 1.5 Dodging
 - Level 3.0 Stealth
 - Level 2.0 Spellcasting
 - Level 4.0 Summonings


You had 4 spell levels left.
You knew the following spells:

 Your Spells              Type           Power      Damage    Failure   Level
a - Summon Small Mammal   Summ           52%        N/A       4%          1

Your spell library contained the following spells:

 Spells                   Type           Power      Damage    Failure   Level
 Call Imp                 Summ           13%        N/A       6%          2
 Call Canine Familiar     Summ           13%        N/A       13%         3
 Summon Guardian Golem    Hex/Summ       7%         N/A       28%         3
 Summon Lightning Spire   Summ/Air       7%         N/A       67%         4


Dungeon Overview and Level Annotations

Branches:
Dungeon (1/15)

Altars:
Ignis


Innate Abilities, Weirdness & Mutations

Your serpentine skin is tough. (AC +0)
You have supernaturally acute eyesight. (SInv)
Armour fits poorly on your strangely shaped body.
Your system is resistant to poisons. (rPois)
You cover ground very slowly.
You can spit poison.
You have a snake-like lower body.


Message History

The bat hits you but does no damage. The hobgoblin hits your bat.
Your bat dies!
Your bat's corpse disappears in a puff of smoke!
The hobgoblin shouts!
You completely miss the hobgoblin.
The hobgoblin is heavily wounded.
The bat hits you. The hobgoblin hits you. The bat hits you but does no damage.
The hobgoblin hits you.
You are too injured to fight recklessly!
You hit the hobgoblin but do no damage.
The hobgoblin is heavily wounded.
The bat barely misses you. The bat hits you but does no damage.
The hobgoblin hits you.
Your bat hits the hobgoblin but does no damage.
You barely miss the hobgoblin.
The hobgoblin is moderately wounded.
Your bat barely misses the hobgoblin.
The bat closely misses you.
Your bat closely misses the hobgoblin.
The hobgoblin hits you.
You closely miss the hobgoblin.
The hobgoblin is moderately wounded.
Your bat misses the bat. The bat misses your bat. The hobgoblin hits you.
* * * LOW HITPOINT WARNING * * *
You hit the hobgoblin but do no damage.
The hobgoblin is moderately wounded.
The bat hits you.
* * * LOW HITPOINT WARNING * * *
Your bat hits the hobgoblin but does no damage.
The hobgoblin barely misses you.
You hit the hobgoblin.
The hobgoblin is almost dead.
The bat closely misses you.
Your bat barely misses the hobgoblin.
The bat hits you but does no damage. The hobgoblin hits you.
* * * LOW HITPOINT WARNING * * *
Your bat barely misses the hobgoblin.
You barely miss the hobgoblin.
The hobgoblin is almost dead.
The bat hits you.
* * * LOW HITPOINT WARNING * * *
Your bat barely misses the hobgoblin.
The hobgoblin hits you.
You die...

###.##############.#
#.# #.# #.# #.# #.#
#.# #.# #.. #.# #.#
#.# .. #..
###'#####.... #.#
#.$@..b...... #.#
#.bg......##. #.#
#.........##. #..
#.....)...##. ###
#..>..[..###.#######
###+#+#### #........
#..###### #..#.....
###..#...#.


You could see a hobgoblin (ally target), a bat and a friendly bat (summoned).

Vanquished Creatures
  A dart slug (D:1)
  A giant cockroach (D:1)
  A rat (D:1)
3 creatures vanquished.

Vanquished Creatures (collateral kills)
  An endoplasm (D:1)
  2 giant cockroaches (D:1)
3 creatures vanquished.

Grand Total: 6 creatures vanquished

Notes
Turn   | Place    | Note
-------+----------+-------------------------------------------
     0 | D:1      | browni3141 the Naga Summoner began the quest for the Orb.
     0 | D:1      | Reached XP level 1. HP: 15/15 MP: 3/3
    57 | D:1      | Found a faded altar of an unknown god.
    75 | D:1      | Reached skill level 1 in Fighting
   188 | D:1      | Reached XP level 2. HP: 21/25 MP: 3/5
   190 | D:1      | Prayed at the altar of an unknown god.
   190 | D:1      | Became a worshipper of Ignis, the Dying Flame
   708 | D:1      | Slain by a hobgoblin

Illustrated notes

Levels and vault maps discovered:
D:1:      pf_arrival_petrified_forest, layout_basic,
          hellmonk_ecumenical_altar_lost_god, nrook_mini_vaults

Skill      XL: |  1 |
---------------+----+-----
Fighting       | 1 |  1.7
Dodging        | |  1.5
Stealth        | |  3.0
Spellcasting   | |  2.0
Summonings     | |  4.0

Action                     || total
---------------------------++-------
  Melee: Unarmed           ||    46
   Cast: Summon Small Mamm ||     8
   Stab: Sleeping          ||     1
 Armour: Robe              ||    10
  Dodge: Dodged            ||    18

Table legend: (Time is in decaauts)
 A = Elapsed time spent in this place.
 B = Non-inter-level travel time spent in this place.
 C = Inter-level travel time spent in this place.
 D = Time resting spent in this place.
 E = Time spent auto-exploring this place.
 F = Levels seen in this place.
 G = Mean time per level.
                   A        B        C        D        E       F      G
               +--------+--------+--------+--------+--------+-----+--------+
         Total |    934 |    897 |     37 |      0 |    769 |   1 |  934.0 |
       Dungeon |    934 |    897 |     37 |      0 |    769 |   1 |  934.0 |
               +--------+--------+--------+--------+--------+-----+--------+

Top non-repeatable levels by time:
     D:1: 934 daAuts
